 Dungeon Crawl Stone Soup version 0.31-a0-702-gf82c85558f (webtiles) character file.

Game seed: 5221923869378539712

174 qw the Shooter (level 5, -2/32 HPs)
             Began as a Gargoyle Hunter on Sept 8, 2023.
             Slain by a howler monkey (6 damage)
             ... on level 4 of the Dungeon.
             The game lasted 00:01:06 (2408 turns).

qw the Shooter (Gargoyle Hunter)                    Turns: 2408, Time: 00:01:07

Health: -2/32      AC: 10    Str: 14    XL:     5   Next: 54%
Magic:  5/5        EV: 10    Int: 10    God:
Gold:   109        SH:  0    Dex: 15    Spells: 4/4 levels left

rFire   . . .        Y - +0 shortbow
rCold   . . .        (shield currently unavailable)
rNeg    + . .        i - +0 ring mail
rPois   inf          c - +0 helmet
rElec   +            (no cloak)
rCorr   +            (no gloves)
SInv    .            (no boots)
Will    .....        b - amulet of regeneration
Stlth   +            e - ring of resist corrosion
HPRegen 1.05/turn    (no ring)
MPRegen 0.09/turn

%: no passive effects
@: about to teleport
A: sickness immunity, AC +4, negative energy resistance 1, electricity
resistance, torment resistance 1, petrification resistance
a: no special abilities


You were on level 4 of the Dungeon.
You visited 1 branch of the dungeon, and saw 4 of its levels.

You collected 109 gold pieces.


Innate Abilities, Weirdness & Mutations

You are immune to sickness and miasma.
Your stone body is resilient. (AC +4)
You are immune to poison.
You resist negative energy. (rN+)
You are resistant to electric shocks. (rElec)
You are resistant to unholy torment.
You are immune to petrification.


   Skills:
 + Level 3.5 Fighting
 - Level 6.0 Ranged Weapons
 - Level 1.0 Armour
 - Level 1.5 Dodging
 - Level 1.1 Stealth


You had 4 spell levels left.
You didn't know any spells.
Your spell library was empty.

Inventory:

Hand Weapons
 Y - a +0 shortbow (weapon)
Armour
 c - a +0 helmet (worn)
 i - a +0 ring mail (worn)
Jewellery
 b - an amulet of regeneration (around neck)
 e - a ring of resist corrosion (left hand)
Scrolls
 a - 2 scrolls of teleportation
 g - a scroll of identify
Potions
 d - 2 potions of curing
 h - a potion of resistance {unknown}
 j - a potion of haste
 k - a potion of enlightenment {unknown}
 l - a potion of degeneration {unknown}

Dungeon Overview and Level Annotations

Branches:
Dungeon (4/15)
 Temple: D:4-7

Altars:
Ashenzari
Makhleb

Annotations:
D:1 1 transporter


Message History

You shoot an arrow. The arrow hits the howler monkey.
The howler monkey is moderately wounded.
The giant cockroach barely misses you. The endoplasm hits you.
The howler monkey misses you.
The giant cockroach bites you but does no damage.
You shoot an arrow.
The arrow closely misses the howler monkey.
The howler monkey closely misses you. The endoplasm freezes you.
You are frozen.
The giant cockroach bites you but does no damage.
The scorpion stings you. The endoplasm freezes you.
You are frozen.
The howler monkey closely misses you.
You shoot an arrow.
The arrow closely misses the howler monkey.
The scorpion stings you but does no damage.
The giant cockroach bites you. The howler monkey hits you.
The endoplasm freezes you.
You are frozen.
The giant cockroach barely misses you.
The scorpion stings you but does no damage.
You shoot an arrow. The arrow hits the howler monkey.
The howler monkey is severely wounded.
The howler monkey completely misses you.
The scorpion stings you. The giant cockroach barely misses you.
The endoplasm hits you.
The howler monkey hits you but does no damage.
2407 ||| READING 3 scrolls of teleportation.
As you read the scroll of teleportation, it crumbles to dust.
You feel strangely unstable.
The giant cockroach bites you but does no damage.
The scorpion barely misses you. The endoplasm closely misses you.
The howler monkey closely misses you.
You shoot an arrow.
The arrow hits the howler monkey but does no damage.
The howler monkey is severely wounded.
The giant cockroach misses you. The scorpion misses you.
The endoplasm freezes you.
You are frozen.
The howler monkey hits you.
You die...

##. #... ####
... ...## ...
....#
#.###.....###.
#......# .....
#..hBs# #.....
##...@###...##.
#...J..........
##..#.#........
#.####........
#. #......... .
#......... .
##.........
8.####..........
#.............


You could see a scorpion, a howler monkey, an endoplasm and a giant cockroach.

Vanquished Creatures
  An iguana (D:3)
  3 gnolls (D:4)
  5 adders
  2 worms
  2 dart slugs
  An orc (D:3)
  7 bats
  4 endoplasms
  2 giant cockroaches (D:2)
  5 goblins
  2 hobgoblins (D:1)
  2 jackals (D:2)
  9 kobolds
  3 quokkas
  8 ball pythons
  5 frilled lizards
  4 rats
65 creatures vanquished.

Notes
Turn   | Place    | Note
-------+----------+-------------------------------------------
     0 | D:1      | qw the Gargoyle Hunter began the quest for the Orb.
     0 | D:1      | Reached XP level 1. HP: 12/12 MP: 1/1
     0 | D:1      | 0 ||| qw: Version: 0.3-a-76-g4403597
     0 | D:1      | 0 ||| qw: Game counter: 997
     0 | D:1      | 0 ||| qw: Melee chars always use a shield: true
     0 | D:1      | 0 ||| qw: God list: Okawaru
     0 | D:1      | 0 ||| qw: Allow faded altars: false
     0 | D:1      | 0 ||| qw: Do Orc after clearing Dungeon:15 true
     0 | D:1      | 0 ||| qw: Do second Lair branch before Depths: true
     0 | D:1      | 0 ||| qw: Lair rune preference: random
     0 | D:1      | 0 ||| qw: Goals: Normal
     0 | D:1      | 0 ||| PLANNING D:1-11
    77 | D:1      | Reached XP level 2. HP: 17/17 MP: 2/2
   277 | D:1      | Found a faded altar of an unknown god.
   384 | D:1      | Reached XP level 3. HP: 20/21 MP: 3/3
   412 | D:1      | Reached skill level 5 in Ranged Weapons
   771 | D:1      | 771 ||| UPGRADING to +0 ring mail.
   781 | D:1      | 781 ||| DROPPING +0 leather armour.
   782 | D:1      | 782 ||| UPGRADING to ring of resist corrosion.
   783 | D:1      | 783 ||| READING 3 scrolls labelled NAX ASAIRUT.
   788 | D:1      | 788 ||| READING scroll labelled HERGHE JUFADEHAC.
   789 | D:1      | 789 ||| READING scroll labelled EPOTAIXKY MAMOAG.
   790 | D:1      | 790 ||| READING scroll labelled GEIROI DOAMYGO.
   791 | D:1      | 791 ||| DRINKING 2 fuming puce potions.
   792 | D:1      | 792 ||| DROPPING scroll of butterflies.
  1007 | D:2      | Reached skill level 1 in Armour
  1172 | D:2      | Found a burning altar of Makhleb.
  1603 | D:2      | 1603 ||| UPGRADING to amulet of regeneration.
  1608 | D:2      | 1608 ||| READING scroll labelled AZOXAGG QIAH.
  1648 | D:3      | 1648 ||| STAIRDANCE
  1673 | D:3      | Reached skill level 3 in Fighting
  1673 | D:3      | Reached XP level 4. HP: 28/28 MP: 4/4
  1896 | D:3      | Reached XP level 5. HP: 32/32 MP: 5/5
  2151 | D:3      | Found a broken altar of Ashenzari.
  2287 | D:3      | Found a burning altar of Makhleb.
  2316 | D:3      | 2316 ||| UPGRADING to +0 helmet.
  2321 | D:3      | 2321 ||| READING scroll labelled OSYEKI PEIMUG.
  2322 | D:3      | 2322 ||| READING 2 scrolls labelled FOZXUU QAAJO.
  2323 | D:3      | 2323 ||| DRINKING 2 glowing cyan potions.
  2372 | D:4      | Reached skill level 6 in Ranged Weapons
  2406 | D:4      | HP: 7/32 [endoplasm (2)]
  2407 | D:4      | 2407 ||| READING 3 scrolls of teleportation.
  2408 | D:4      | Slain by a howler monkey

Levels and vault maps discovered:
D:1:      spicycebolla_arrival_risky_transporter, layout_loops_ring,
          hellmonk_ecumenical_altar_crossroads
D:2:      layout_basic, basic_altar
D:3:      layout_loops_ring, mainiacjoe_overflow_tiny_flanked, bloody_makhleb
D:4:      layout_cave_pools, mainiacjoe_overflow_paths, general_overflow_altar,
          grunt_gozag_statues

Skill      XL: |  1  2  3  4  5 |
---------------+----------------+-----
Ranged Weapons | 5 6 |  6.0
Armour         | 1 |  1.0
Fighting       | 3 |  3.5
Dodging        | |  1.5
Stealth        | |  1.1

Action                     |  1- 3 |  4- 6 || total
---------------------------+-------+-------++-------
   Fire: Shortbow          |   172 |    86 ||   258
    Use: Scroll            |     5 |     3 ||     8
         Potion            |     1 |     1 ||     2
 Armour: Leather armour    |    24 |       ||    24
         Ring mail         |    33 |    44 ||    77
  Dodge: Dodged            |    53 |    33 ||    86

Table legend:
 A = Non-vault XP
 B = Vault XP
 C = Vault XP percentage of total XP
 D = Non-vault monster count
 E = Vault monster count
 F = Vault count percentage of total count
                 A         B        C        D         E       F
            +---------+---------+-------+---------+---------+-------
      Total |     249 |       0 |   0.0 |      65 |       0 |   0.0
            +---------+---------+-------+---------+---------+-------
        D:1 |      50 |       0 |   0.0 |      31 |       0 |   0.0
        D:2 |      28 |       0 |   0.0 |      14 |       0 |   0.0
        D:3 |     115 |       0 |   0.0 |      16 |       0 |   0.0
        D:4 |      56 |       0 |   0.0 |       4 |       0 |   0.0
            +---------+---------+-------+---------+---------+-------
